 Dungeon Crawl Stone Soup version 0.25.0-46-gbd7b0854d2 (webtiles) character file.

Game seed: 831049802526414784

10269 Ethylacetat the Commander (level 11, -5/92 HPs)
             Began as a Demonspawn Gladiator on July 16, 2020.
             Was a High Priest of Okawaru.
             Slain by Urug
             ... wielding a +2 glaive of flaming
              (14 damage)
             ... on level 11 of the Dungeon.
             The game lasted 00:31:04 (10758 turns).

Ethylacetat the Commander (Demonspawn Gladiator)   Turns: 10758, Time: 00:31:05

Health: -5/92      AC: 11    Str: 17    XL:     11   Next: 34%
Magic:  16/20      EV: 16    Int: 10    God:    Okawaru [*****.]
Gold:   638        SH:  0    Dex: 15    Spells: 10/10 levels left

rFire    . . .     SeeInvis +   N - +3 glaive (vorpal)
rCold    . . .     Gourm    .   (shield currently unavailable)
rNeg     . . .     Faith    .   I - +0 swamp dragon scales
rPois    +         Spirit   .   (helmet restricted)
rElec    .         Reflect  .   g - +2 cloak
rCorr    .         Harm     .   (no gloves)
MR       .....                  (no boots)
Stlth    +++.......             (no amulet)
HPRegen  0.25/turn              M - ring of see invisible
MPRegen  0.17/turn              G - +4 ring of evasion

@: about to teleport, finesse, hasted, very quick
A: claws 2, horns 2, talons 1, demonic guardian 1, nightstalker 2
a: Heroism, Finesse, Renounce Religion


You were on level 11 of the Dungeon.
You worshipped Okawaru.
Okawaru was extremely pleased with you.
You were not hungry.

You visited 1 branch of the dungeon, and saw 11 of its levels.

You collected 638 gold pieces.

Inventory:

Hand Weapons
 y - a +5 quarterstaff of chaos
 N - a +3 vorpal glaive (weapon)
Missiles
 d - 3 throwing nets (quivered)
Armour
 g - a +2 cloak (worn)
 A - the +0 robe of Henotheism {Harm rElec rN+ Dex+5}
   (You found it on level 6 of the Dungeon)

   It affects your dexterity (+5).
   It insulates you from electricity.
   It protects you from negative energy.
   It increases damage dealt and taken.
 I - +0 swamp dragon scales (worn)
Jewellery
 n - an uncursed ring of stealth
 G - a +4 ring of evasion (right claw)
 M - a ring of see invisible (left claw)
Wands
 b - a wand of polymorph (12)
 c - a wand of digging (8)
 D - a wand of random effects (11)
 E - a wand of paralysis (20)
 K - a wand of acid (1)
 O - a wand of iceblast (2)
Scrolls
 a - 2 scrolls of enchant armour {unknown}
 e - 6 scrolls of remove curse
 h - 4 scrolls of enchant weapon
 i - 5 scrolls of teleportation
 k - 4 scrolls of identify
 l - 2 scrolls of fog {unknown}
 m - 3 scrolls of amnesia {unknown}
 p - 2 scrolls of immolation {unknown}
 r - a scroll of random uselessness {unknown}
 u - 2 scrolls of blinking {unknown}
 B - a scroll of holy word {unknown}
 C - 3 scrolls of magic mapping {unknown}
 F - a scroll of summoning {unknown}
 H - 2 scrolls of acquirement {unknown}
 J - a scroll of vulnerability {unknown}
 L - a scroll of fear {unknown}
Potions
 o - 2 potions of invisibility {unknown}
 q - a potion of stabbing {unknown}
 s - a potion of haste
 t - a potion of mutation {unknown}
 v - 4 potions of curing
 w - a potion of flight {unknown}
 x - a potion of lignification {unknown}
 z - a potion of resistance
Comestibles
 f - 19 rations
 P - 2 chunks of flesh


   Skills:
 + Level 10.6 Fighting
 * Level 9.0 Polearms
 - Level 1.7 Throwing
 - Level 5.0 Armour
 - Level 2.6 Dodging
 + Level 12.4 Invocations


You had 10 spell levels left.
You didn't know any spells.
Your spell library was empty.

Dungeon Overview and Level Annotations

Branches:
Dungeon (11/15)            Temple (0/1) D:6            Lair (0/6) D:10
    Orc: D:9-12

Altars:
Ashenzari
Elyvilon
Gozag
Hepliaklqana
Makhleb
Okawaru
Ru
Sif Muna
Trog
Uskayaw
Vehumet
Xom
The Shining One

Shops:
D:8 (}   D:9 =

Annotations:
D:11 Urug


Innate Abilities, Weirdness & Mutations

You have very sharp fingernails.
You have a pair of horns on your head.
You have sharp toenails.
A weak demonic guardian rushes to your aid.
You are significantly more attuned to the shadows.


Message History

The centaur unwields a +0 shortbow.
The centaur wields a +0 dagger.
The centaur closely misses your quasit.
Your quasit bites the warg but does no damage.
Your quasit claws the warg.
Your quasit claws the warg but does no damage.
Your shadow imp hits the orc priest but does no damage.
You closely miss the warg. Your kick misses the warg.
The warg is lightly wounded.
The centaur completely misses your quasit.
Your quasit closely misses the warg.
Your quasit claws the warg but does no damage. x2
The centaur unwields a +0 dagger.
The centaur wields a +0 shortbow.
The centaur shoots an arrow.
The arrow hits your quasit but does no damage.
The warg barely misses you.
You closely miss the warg. You claw the warg, but do no damage.
The warg is lightly wounded.
Your shadow imp disappears in a puff of smoke!
Urug hits you from afar with a +2 glaive of flaming!
You die...

........# ... #.#
##### ####.>###
.#. #.#
.....#####..# #.#
.....)....†(#
.._...#####.#
.....## #.# .....
#.# ##.#.
#5######
#...######.##oh@#
......§.oZ5$#
.......[.co.#
..##........#
#.)......#
...........
......##...##
......# ...#
....... ..


You could see Urug (resistant), a warg, a centaur (fast), an orc priest, an orc
wizard (fast, invisible), a centaur warrior zombie and a friendly quasit
(summoned).

Vanquished Creatures
  Erolcha (D:11)
  An unseen horror (D:11)
  Pikel (D:5)
  An ugly thing (D:11)
  Psyche (D:10)
  A moth of wrath (D:5)
  A centaur skeleton (D:10)
  2 trolls
  A meliai (shapeshifter) (D:9)
  2 hornets (D:11)
  A hippogriff (D:9)
  6 yaks
  2 hungry ghosts
  3 wargs
  A water moccasin (D:10)
  8 ice beasts
  A phantom (D:8)
  4 slaves (D:5)
  A sky beast (D:9)
  4 orc warriors
  A wolf (D:9)
  A necrophage (D:9)
  2 centaurs
  An ogre (D:8)
  A crocodile (D:8)
  3 bullfrogs
  2 big kobolds
  A wyvern skeleton (D:10)
  3 scorpions
  7 killer bees
  3 howler monkeys
  2 jellies (D:10)
  A bullfrog zombie (D:5)
  8 crimson imps
  A quasit (D:9)
  A gnoll shaman (D:5)
  A hound (D:4)
  A bullfrog skeleton (D:5)
  12 orc priests
  Crazy Yiuf (D:4)
  5 orc wizards
  4 worker ants
  A killer bee zombie (D:6)
  2 hound skeletons
  A worker ant zombie (D:7)
  A howler monkey skeleton (D:9)
  9 gnolls
  5 adders
  4 shadow imps
  4 oozes
  An adder skeleton (D:9)
  2 worms
  3 dart slugs
  6 leopard geckos
  26 orcs
  4 ball pythons
  15 bats
  5 giant cockroaches
  10 goblins
  7 hobgoblins
  4 jackals
  2 quokkas
  5 frilled lizards
  A jackal skeleton (D:7)
  9 kobolds
  A leopard gecko skeleton (D:4)
  A leopard gecko zombie (D:6)
  A quokka skeleton (D:10)
  A quokka zombie (D:5)
  9 rats
245 creatures vanquished.

Vanquished Creatures (collateral kills)
  Maggie (D:8)
  A hippogriff (D:7)
  A yak (D:10)
  An ogre (D:7)
  A bullfrog (D:10)
  A killer bee (D:8)
  An orc priest (D:9)
  6 orcs
  A kobold (D:8)
  A rat (D:5)
15 creatures vanquished.

Grand Total: 260 creatures vanquished

Notes
Turn   | Place    | Note
-------+----------+-------------------------------------------
     0 | D:1      | Ethylacetat the Demonspawn Gladiator began the quest for
                  | the Orb.
     0 | D:1      | Reached XP level 1. HP: 16/16 MP: 1/1
   137 | D:1      | Gained mutation: You are slightly more attuned to the
                  | shadows. [demonic ancestry]
   137 | D:1      | Reached XP level 2. HP: 13/22 MP: 2/2
   402 | D:1      | Reached XP level 3. HP: 19/28 MP: 3/3
  1124 | D:2      | Found a hazy altar of Hepliaklqana.
  1277 | D:2      | Reached XP level 4. HP: 28/34 MP: 4/4
  1392 | D:2      | Found a hide-covered altar of Uskayaw.
  1788 | D:2      | Found a white marble altar of Elyvilon.
  2335 | D:3      | Found a shattered altar of Ashenzari.
  2374 | D:3      | Gained mutation: You have a pair of small horns on your
                  | head. [demonic ancestry]
  2374 | D:3      | Reached XP level 5. HP: 41/41 MP: 5/5
  3064 | D:4      | Reached skill level 5 in Polearms
  3389 | D:4      | Gained mutation: You have sharp fingernails. [demonic
                  | ancestry]
  3389 | D:4      | Reached XP level 6. HP: 48/48 MP: 6/6
  3538 | D:4      | Found a runed translucent door.
  3539 | D:4      | Noticed Crazy Yiuf
  3548 | D:4      | Killed Crazy Yiuf
  3799 | D:4      | Found an iron altar of Okawaru.
  3809 | D:4      | Became a worshipper of Warmaster Okawaru
  4049 | D:5      | Entered Level 5 of the Dungeon
  4215 | D:5      | Reached skill level 1 in Invocations
  4512 | D:5      | Reached skill level 2 in Invocations
  4521 | D:5      | Gained mutation: A weak demonic guardian rushes to your
                  | aid. [demonic ancestry]
  4521 | D:5      | Reached XP level 7. HP: 47/55 MP: 8/8
  4699 | D:5      | Found a radiant altar of Vehumet.
  4700 | D:5      | Found a burning altar of Makhleb.
  4750 | D:5      | Noticed Pikel
  4786 | D:5      | Noticed a moth of wrath
  4897 | D:5      | Killed Pikel
  4897 | D:5      | Reached * piety under Okawaru
  4897 | D:5      | Reached skill level 5 in Fighting
  4897 | D:5      | Reached skill level 4 in Invocations
  5100 | D:5      | Found a bloodstained altar of Trog.
  5116 | D:5      | Killed a moth of wrath
  5116 | D:5      | Gained mutation: You have very sharp fingernails. [demonic
                  | ancestry]
  5116 | D:5      | Reached XP level 8. HP: 63/63 MP: 11/11
  5175 | D:6      | Reached skill level 5 in Invocations
  5199 | D:6      | Found a shimmering blue altar of Sif Muna.
  5334 | D:6      | Got a smoking robe
  5345 | D:6      | Identified the +0 robe of Henotheism {Harm rElec rN+ Dex+5}
                  | (You found it on level 6 of the Dungeon)
  5367 | D:6      | Found a staircase to the Ecumenical Temple.
  5542 | D:6      | Found a shimmering altar of Xom.
  5771 | D:7      | Reached ** piety under Okawaru
  5959 | D:7      | Reached skill level 6 in Invocations
  5984 | D:7      | Noticed a hippogriff
  5994 | D:7      | Killed a hippogriff
  5994 | D:7      | Gained mutation: You have sharp toenails. [demonic
                  | ancestry]
  5994 | D:7      | Reached XP level 9. HP: 24/71 MP: 13/13
  6791 | D:8      | Reached skill level 7 in Invocations
  6845 | D:8      | Found Vuzimytt's Gadget Shoppe.
  6901 | D:8      | You fall into a shaft and drop 3 floors!
  6908 | D:10     | Entered Level 10 of the Dungeon
  6920 | D:9      | Found an opulent altar of Gozag.
  6933 | D:9      | Reached *** piety under Okawaru
  7080 | D:8      | Reached skill level 8 in Invocations
  7089 | D:8      | Noticed Maggie
  7145 | D:8      | Found Xoguuq's Weapon Boutique.
  7259 | D:8      | Killed Maggie
  7259 | D:8      | Reached **** piety under Okawaru
  7259 | D:8      | Reached skill level 9 in Invocations
  7569 | D:8      | Reached skill level 1 in Armour
  7606 | D:8      | Found a glowing golden altar of the Shining One.
  7906 | D:9      | Noticed a troll
  7915 | D:9      | Killed a troll
  7915 | D:9      | Gained mutation: You have a pair of horns on your head.
                  | [demonic ancestry]
  7915 | D:9      | Reached XP level 10. HP: 39/82 MP: 17/17
  8268 | D:9      | Reached skill level 10 in Invocations
  8493 | D:9      | Reached ***** piety under Okawaru
  8598 | D:9      | Found Xoguuq's Jewellery Boutique.
  8732 | D:9      | Found a sacrificial altar of Ru.
  9123 | D:10     | Found a staircase to the Lair.
  9602 | D:10     | Reached skill level 11 in Invocations
 10099 | D:10     | Noticed Psyche
 10102 | D:10     | Killed Psyche
 10102 | D:10     | Reached skill level 5 in Armour
 10102 | D:10     | Gained mutation: You are significantly more attuned to the
                  | shadows. [demonic ancestry]
 10102 | D:10     | Reached XP level 11. HP: 87/90 MP: 19/19
 10130 | D:10     | Reached skill level 10 in Fighting
 10463 | D:11     | Noticed an unseen horror
 10471 | D:11     | Killed an unseen horror
 10471 | D:11     | Received a gift from Okawaru
 10476 | D:11     | Noticed a red ugly thing
 10490 | D:11     | Killed a red ugly thing
 10490 | D:11     | Reached skill level 12 in Invocations
 10694 | D:11     | Noticed Erolcha
 10697 | D:11     | Found a shimmering altar of Xom.
 10701 | D:11     | Killed Erolcha
 10701 | D:11     | Received a gift from Okawaru
 10724 | D:11     | Noticed Urug
 10749 | D:11     | HP: 4/92 [centaur/arrow (10)]
 10752 | D:11     | HP: 1/92 [centaur/arrow (8)]
 10758 | D:11     | Slain by Urug

Illustrated notes

Levels and vault maps discovered:
D:1:      elethiomel_arrival_maze, layout_basic, minmay_box_of_dots
D:2:      layout_rooms, nicolae_overflow_hidden_temple,
          eat_drink_and_be_merry_uskayaw, first_ration, minmay_misc_feat_alley
D:3:      layout_basic, lemuel_coloured_pillars_altar
D:4:      layout_loops_cross, kennysheep_pointless_box, st_stairs_6,
          okawaru_trees_2, uniq_crazy_yiuf_cottage
D:5:      layout_rooms, grunt_temple_overflow_lords_of_destruction, tgw_trog,
          uniq_pikel
D:6:      layout_loops_ring, kennysheep_mini_moat,
          minmay_temple_entry_enclosed_plants, basic_altar
D:7:      layout_rooms, grunt_ogre_cave
D:8:      layout_cave_pools, serial_shops, nicolae_shop_window_shopping, shop,
          tso_altar, uniq_maggie
D:9:      layout_loops_ring, nicolae_gozag_seed_capital, kennysheep_mini,
          serial_shops, nicolae_shop_statue_plus
D:10:     layout_roguey, erik_lair_orcish_takeover, minmay_misc_feat_diagonals,
          small_statue_alley_a, uniq_psyche
D:11:     layout_loops_ring, erik_orc_4, basic_altar, uniq_erolcha,
          uniq_nergalle, uniq_urug

Skill      XL: |  1  2  3  4  5  6  7  8  9 10 11 |
---------------+----------------------------------+-----
Polearms       | 3 4 5 6 7 8 9 |  9.0
Fighting       | 3 4 5 6 8 9 10 | 10.6
Invocations    | 2 4 6 9 11 12 | 12.4
Armour         | 1 5 |  5.0
Throwing       | |  1.7
Dodging        | |  2.6

Action                   |  1- 3 |  4- 6 |  7- 9 | 10-12 || total
-------------------------+-------+-------+-------+-------++-------
Melee: Trident           |   127 |   172 |       |       ||   299
       Headbutt          |       |    15 |    42 |    57 ||   114
       Quarterstaff      |       |    29 |   199 |   237 ||   465
       Kick              |       |       |    45 |    61 ||   106
       Glaive            |       |       |       |    16 ||    16
Throw: Throwing net      |       |       |     2 |       ||     2
Invok: Finesse           |       |       |       |     1 ||     1
Evoke: Wand              |       |       |     5 |     5 ||    10
  Use: Scroll            |       |       |       |     6 ||     6
       Potion            |       |       |       |     7 ||     7
 Stab: Sleeping          |     4 |    11 |    11 |     7 ||    33
       Distracted        |       |       |     5 |     4 ||     9
       Petrified         |       |       |       |     4 ||     4
       Paralysed         |       |       |       |     3 ||     3
       Petrifying        |       |       |       |     1 ||     1
  Eat: Chunk             |     1 |    11 |    10 |    13 ||    35
Armor: Leather armour    |    36 |    57 |    10 |       ||   103
       Robe              |       |       |    20 |       ||    20
       Swamp dragon scal |       |       |     9 |    88 ||    97
Dodge: Dodged            |    81 |   112 |   142 |   181 ||   516
